 Dungeon Crawl Stone Soup version 0.30.0-29-ga12c61a403 (webtiles) character file.

Game seed: 12604857588589311505

145 AIAndy the Trooper (level 5, 0/44 HPs)
             Began as a Demonspawn Fighter on June 21, 2023.
             Was an Initiate of Gozag.
             Slain by a sky beast (6 damage)
             ... on level 3 of the Dungeon.
             The game lasted 00:11:08 (2855 turns).

AIAndy the Trooper (Demonspawn Fighter)             Turns: 2855, Time: 00:11:08

Health: 0/44       AC:  6    Str: 18    XL:     5   Next: 6%
Magic:  5/5        EV: 11    Int: 10    God:    Gozag
Gold:   207        SH:  5    Dex: 18    Spells: 4/4 levels left

rFire   . . .        a - +0 rapier
rCold   . . .        c - +0 buckler
rNeg    . . .        b - +0 scale mail
rPois   .            (no helmet)
rElec   .            (no cloak)
rCorr   .            (no gloves)
SInv    .            (no boots)
Will    .....        (no amulet) Stlth
                     h - +6 ring of dexterity
HPRegen 0.27/turn    (no ring)
MPRegen 0.09/turn

%: no passive effects
@: hasted, invisible, very quick
A: repulsion field 1, weakness stinger 1
a: Renounce Religion, Potion Petition, Call Merchant, Bribe Branch


You were on level 3 of the Dungeon.
You worshipped Gozag.
Gozag was aware of your devotion.
You visited 1 branch of the dungeon, and saw 6 of its levels.

You collected 272 gold pieces.
You spent 65 gold pieces at shops.

Inventory:

Hand Weapons
 a - a +0 rapier (weapon)
 k - a +0 dagger of venom
Armour
 b - a +0 scale mail (worn)
 c - a +0 buckler (worn)
Jewellery
 e - an amulet of faith
 h - a +6 ring of dexterity (left hand)
Scrolls
 d - 2 scrolls of magic mapping {unknown}
 f - 2 scrolls of teleportation
 g - 2 scrolls of identify
 j - 2 scrolls of amnesia {unknown}
 n - a scroll of fear {unknown}
Potions
 i - a potion of cancellation
 o - a potion of lignification


   Skills:
 + Level 5.2 Fighting
 - Level 2.0 Short Blades
 - Level 2.8 Armour
 + Level 3.2 Shields


You had 4 spell levels left.
You didn't know any spells.
Your spell library contained the following spells:

 Spells                   Type           Power      Damage    Failure   Level
 Ensorcelled Hibernation  Hex/Ice        0%         N/A       93%         2
 Spider Form              Tmut/Pois      0%         N/A       99%         3
 Anguish                  Hex/Necr       0%         N/A       100%        4


Dungeon Overview and Level Annotations

Branches:
Dungeon (6/15)
 Temple: D:4-7

Altars:
Dithmenos
Gozag
Wu Jian

Shops:
D:3 ?   D:4 *

Annotations:
D:4 3 runed translucent doors, SharpKris's ghost, amateur HuHu


Innate Abilities, Weirdness & Mutations

You are surrounded by a mild repulsion field. (EV +2)
You have a small tail.


Message History

You closely miss something. Something hits you but does no damage.
You closely miss something. Something hits you but does no damage.
You barely miss something. You closely miss something.
Your tail-slap misses something.
Something hits you. Something shocks you.
You miss something. You block something's attack.
You miss something. Something hits you. Something shocks you.
You barely miss something. You hit something. Something hits you.
Something shocks you.
* * * LOW HITPOINT WARNING * * *
You fade into invisibility!
Something hits you but does no damage.
Okay, then.
You miss something. Something hits you but does no damage.
You closely miss something. Something hits you but does no damage.
You barely miss something. You barely miss something.
Something hits you but does no damage.
You closely miss something. Something hits you but does no damage.
You hit something.
Your tail-slap misses something.
You barely miss something. You block something's attack.
You barely miss something. You tail-slap something.
Something hits you but does no damage.
You hit something but do no damage.
Your tail-slap misses something.
Something hits you.
* * * LOW HITPOINT WARNING * * *
Something shocks you.
* * * LOW HITPOINT WARNING * * *
You hit something but do no damage.
Your tail-slap misses something.
Something hits you but does no damage.
You miss something. You closely miss something. You block something's attack.
You miss something. You block something's attack.
Okay, then.
You hit something but do no damage.
Your tail-slap misses something.
Something hits you but does no damage.
You hit something. Something hits you.
* * * LOW HITPOINT WARNING * * *
Something shocks you.
You die...
Your body crumbles into a pile of gold.

..# ..#
.####### $
.'.....#
.####### ##
.# _###8##
.#
..8...8###
..
...$...#####
..+
.......@#..#
..#
......{###.#
..#
..8...8###
_###8## ##


There were no monsters in sight!

Vanquished Creatures
  6 adders
  An ufetubus (D:4)
  A worm (D:2)
  5 dart slugs
  7 ball pythons
  3 bats (D:1)
  5 endoplasms
  3 giant cockroaches
  9 goblins
  6 hobgoblins
  4 jackals (D:2)
  2 quokkas
  3 frilled lizards
  10 kobolds
  7 rats
72 creatures vanquished.

Notes
Turn   | Place    | Note
-------+----------+-------------------------------------------
     0 | D:1      | AIAndy the Demonspawn Fighter began the quest for the Orb.
     0 | D:1      | Reached XP level 1. HP: 18/18 MP: 1/1
   203 | D:1      | Gained mutation: You are surrounded by a mild repulsion
                  | field. (EV +2) [demonic ancestry]
   203 | D:1      | Reached XP level 2. HP: 19/24 MP: 2/2
   817 | D:1      | Reached XP level 3. HP: 30/30 MP: 3/3
  1222 | D:2      | HP: 1/30 [goblin/+0 club (2)]
  1226 | D:2      | Reached skill level 4 in Fighting
  1705 | D:2      | Gained mutation: You have a small tail. [demonic ancestry]
  1705 | D:2      | Reached XP level 4. HP: 38/38 MP: 4/4
  1850 | D:2      | Found a faded altar of an unknown god.
  1868 | D:2      | Prayed at the altar of an unknown god.
  1868 | D:2      | Became a worshipper of Gozag Ym Sagoz the Greedy
  2093 | D:3      | Reached skill level 5 in Fighting
  2109 | D:3      | Found Ikle's Magic Scroll Shoppe.
  2115 | D:3      | Bought a scroll of teleportation for 39 gold pieces
  2115 | D:3      | Bought a scroll of identify for 26 gold pieces
  2214 | D:3      | You fall into a shaft and drop 3 floors!
  2220 | D:5      | Entered Level 5 of the Dungeon
  2242 | D:4      | Found Xiuduf's Gadget Gallery.
  2408 | D:4      | Reached XP level 5. HP: 44/44 MP: 5/5
  2422 | D:4      | Found a runed translucent gate.
  2422 | D:4      | Found a runed translucent gate.
  2422 | D:4      | Found a runed translucent gate.
  2422 | D:4      | Noticed SharpKris's ghost (amateur HuHu)
  2424 | D:4      | Noticed an orc warrior
  2817 | D:4      | Noticed a sky beast
  2826 | D:3      | Found a shadowy altar of Dithmenos.
  2826 | D:3      | Found an ornate altar of the Wu Jian Council.
  2855 | D:3      | Slain by a sky beast

Illustrated notes

Levels and vault maps discovered:
D:1:      minmay_arrival_loop, layout_basic
D:2:      layout_loops_ring, hellmonk_ecumenical_altar_dog_temple,
          nicolae_underground_beach
D:3:      layout_basic, nicolae_overflow_hidden_temple, serial_shops,
          nicolae_shop_real_fake_doors, nicolae_shop_statue_plus,
          nicolae_shop_peninsula, shop_scrolls, nicolae_shop_advertising_works
          [nicolae_subvault_shop_adworks]
D:4:      dreamdust_elfheim, layout_basic, gammafunk_ghost_split, dk_vineyard_3,
          minmay_stone_trees_small, nicolae_shop_gadgets
D:5:      layout_basic, trog_three_pillars_becter, lightli_temple_of_fire,
          mainiacjoe_overflow_small_starburst, minmay_temple_entry_antechambers
D:6:      layout_basic, minmay_holes, uniq_blork_the_orc,
          uniq_crazy_yiuf_cottage

Skill      XL: |  1  2  3  4 |
---------------+-------------+-----
Short Blades   | 2 |  2.0
Fighting       | 4 5 |  5.2
Shields        | 3 |  3.2
Armour         | |  2.8

Action                     |  1- 3 |  4- 6 || total
---------------------------+-------+-------++-------
  Melee: Rapier            |   180 |   127 ||   307
         Tailslap          |       |    16 ||    16
    Use: Potion            |     2 |     2 ||     4
         Scroll            |       |     3 ||     3
 Armour: Scale mail        |    72 |    56 ||   128
         Skin              |     5 |       ||     5
  Dodge: Dodged            |    96 |    48 ||   144
  Block: Buckler           |    46 |    41 ||    87
